 Dungeon Crawl Stone Soup version 0.26-a0-664-gc8b27b8fc1 (webtiles) character file.

Game seed: 2040188369815829732

63 PentaManta the Ducker (level 3, -2/19 HPs)
             Began as a Spriggan Abyssal Knight on Oct 12, 2020.
             Was a Follower of Lugonu.
             Killed from afar by an orc wizard (7 damage)
             ... with a magic dart
             ... on level 2 of the Dungeon.
             The game lasted 00:04:54 (1921 turns).

PentaManta the Ducker (Spriggan Abyssal Knight)     Turns: 1921, Time: 00:04:54

Health: -2/19      AC:  3    Str:  8      XL:     3   Next: 87%
Magic:  5/5        EV: 19    Int: 11 (13) God:    Lugonu [*.....]
Gold:   125        SH:  0    Dex: 15 (16) Spells: 2/2 levels left

rFire    . . .     SeeInvis +   n - +0 dagger
rCold    . . .     Faith    .   (shield restricted)
rNeg     . . .     Spirit   .   b - +0 robe
rPois    .         Reflect  .   (helmet restricted)
rElec    .         Harm     .   k - +0 cloak
rCorr    +         Rampage  .   (gloves unavailable)
MR       .....                  (boots unavailable)
Stlth    ++........             (no amulet)
HPRegen  0.06/turn              p - ring of resist corrosion
MPRegen  0.09/turn              (no ring)

@: very quick
A: very small, unfitting armour, see invisible, speed 3
a: Depart the Abyss, Renounce Religion


You were on level 2 of the Dungeon.
You worshipped Lugonu.
Lugonu was aware of your devotion.
You visited 1 branch of the dungeon, and saw 3 of its levels.
You visited the Abyss 1 time.

You collected 125 gold pieces.

Inventory:

Hand Weapons
 a - a +1 short sword
 n - a +0 dagger (weapon)
Missiles
 c - 9 poisoned darts (quivered)
 o - 137 stones
Armour
 b - a +0 robe (worn)
 k - a +0 cloak (worn)
 m - +0 pearl dragon scales
Jewellery
 p - a ring of resist corrosion (left hand)
 u - a +4 ring of protection {unknown}
Scrolls
 e - 4 scrolls of enchant weapon {unknown}
 h - a scroll of blinking {unknown}
 i - a scroll of fear {unknown}
 j - 2 scrolls of remove curse
 q - a scroll of immolation {unknown}
 r - a scroll of identify {unknown}
 t - a scroll of noise {unknown}
Potions
 d - a potion of cancellation
 f - a potion of flight
 g - a potion of degeneration
 l - a potion of curing
 s - a potion of lignification {unknown}
 v - a potion of invisibility {unknown}


   Skills:
 - Level 2.4 Fighting
 + Level 3.0 Short Blades
 + Level 4.5 Dodging
 + Level 2.4 Stealth
 + Level 2.5 Invocations


You had 2 spell levels left.
You didn't know any spells.
Your spell library was empty.

Dungeon Overview and Level Annotations

Branches:
Dungeon (3/15)

Altars:


Innate Abilities, Weirdness & Mutations

You are very small and have problems with some larger weapons.
You are too small for most types of armour.
You have supernaturally acute eyesight. (SInv)
You cover ground extremely quickly.


Message History

You are too injured to fight recklessly!
You are too injured to fight recklessly!
You are too injured to fight recklessly!
You are too injured to fight recklessly!
You are too injured to fight recklessly!
You are too injured to fight recklessly!
You are too injured to fight recklessly!
You are too injured to fight recklessly!
You are too injured to fight recklessly!
You are too injured to fight recklessly!
You are too injured to fight recklessly!
You are too injured to fight recklessly!
You are too injured to fight recklessly!
You are too injured to fight recklessly!
You are too injured to fight recklessly!
The orc priest calls upon Beogh to heal the orc.
The orc's wounds heal themselves!
The orc wizard gestures at you while chanting.
The magic dart hits you!
You die...

#.....# #...........###
#...#.# ............^..
#...#.# .o.####........
#.....#
###...####..o..###
#.).###
#......oo......### #...#
#o#...####.#..†o†. #...#
#.#...#........### #...#
#.#...#.##.#...#
#...#####@.............#
#...........#.#.##.###.#
##..........#..........#
##.#####.......##.#####
#.......#.###.##.#
#########.# #.##.# #(#
#.##.# #.# #.##.# ###
#.# #....# #..


You could see an orc wizard and an orc.

Vanquished Creatures
  2 adders (D:2)
  An ooze (D:2)
  A worm (D:2)
  A dart slug (D:3)
  A ball python (D:1)
  4 bats
  6 giant cockroaches
  3 goblins
  4 hobgoblins
  3 kobolds
  2 frilled lizards
  5 rats
33 creatures vanquished.

Notes
Turn   | Place    | Note
-------+----------+-------------------------------------------
     0 | Abyss:1  | PentaManta the Spriggan Abyssal Knight began the quest for
                  | the Orb.
     0 | Abyss:1  | Reached XP level 1. HP: 11/11 MP: 3/3
     5 | Abyss:1  | Noticed a starcursed mass
    30 | Abyss:1  | Noticed an eye of draining
    31 | Abyss:1  | Noticed a small abomination
    89 | Abyss:2  | Noticed a starcursed mass
    91 | Abyss:2  | Noticed a small abomination
   121 | Abyss:2  | Noticed a small abomination
   155 | Abyss:2  | Noticed a chaos spawn
   156 | Abyss:2  | Noticed a chaos spawn
   159 | Abyss:2  | Noticed a small abomination
   165 | Abyss:2  | Noticed a thrashing horror
   167 | Abyss:2  | Noticed a thrashing horror
   168 | D:1      | Escaped the Abyss
   523 | D:1      | You fall into a shaft and drop 1 floor!
   526 | D:2      | Noticed an orc wizard
   526 | D:2      | Noticed an orc priest
   630 | D:2      | Reached * piety under Lugonu
   674 | D:2      | Reached skill level 1 in Stealth
   693 | D:2      | Reached XP level 2. HP: 16/16 MP: 4/4
   980 | D:1      | Reached skill level 4 in Dodging
  1258 | D:1      | Reached XP level 3. HP: 17/19 MP: 5/5
  1921 | D:2      | Killed from afar by an orc wizard

Illustrated notes

Levels and vault maps discovered:
D:1:      matt_arrival_grand_opening, layout_loops_ring, minmay_pentomino_o2
D:2:      layout_loops_ring, patterned_corridor
D:3:      layout_loops_cross

Skill      XL: |  1  2  3 |
---------------+----------+-----
Stealth        | 1 2 |  2.4
Invocations    | 2 |  2.5
Dodging        | 4 |  4.5
Short Blades   | 3 |  3.0
Fighting       | |  2.4

Action                   || total
-------------------------++-------
Melee: Short sword       ||    38
       Dagger            ||   194
Invok: Depart the Abyss  ||     1
  Use: Scroll            ||     1
       Potion            ||     4
 Stab: Sleeping          ||     2
Armor: Pearl dragon scal ||    61
       Robe              ||     8
Dodge: Dodged            ||   162

Table legend: (Time is in decaauts)
 A = Elapsed time spent in this place.
 B = Non-inter-level travel time spent in this place.
 C = Inter-level travel time spent in this place.
 D = Time resting spent in this place.
 E = Time spent auto-exploring this place.
 F = Levels seen in this place.
 G = Mean time per level.
                   A        B        C        D        E       F      G
               +--------+--------+--------+--------+--------+-----+--------+
         Total |   1494 |   1487 |      7 |    201 |    751 |   5 |  298.8 |
       Dungeon |   1391 |   1384 |      7 |    201 |    751 |   3 |  463.7 |
         Abyss |    102 |    102 |      0 |      0 |      0 |   2 |   51.0 |
               +--------+--------+--------+--------+--------+-----+--------+

Top non-repeatable levels by time:
     D:2: 677 daAuts
     D:1: 676 daAuts
 Abyss:2: 75 daAuts
     D:3: 38 daAuts
 Abyss:1: 27 daAuts
